Map: [ESL] Tropical Sacrifice

Players

Vindicta - Winner!

  • Race: Terran Terran
  • Spawn Location: 1:00

Namshar

  • Race: Zerg Zerg
  • Spawn Location: 7:00

Event: DreamHack SC2 Masters 2022 Atlanta (Online)

VOD

Have the link to the VOD?

Description

Time

  • Played on: Oct. 4, 2022, 3:57 p.m.
  • Length: 6:39

All games in this series

Show
View Real Time Build Order
Export as new Build Order

Vindicta Terran - Winner!

Build Orders: Reaper Expand, Hellion Banshee 

Get SALT Encoding   

  12  0:00  SCV  
  13  0:12  SCV  
  14  0:17  Supply Depot  
  14  0:24  SCV  
  15  0:39  SCV  
  15  0:40  Barracks  
  16  0:44  Refinery  
  16  0:51  SCV  
  17  1:03  SCV  
  18  1:15  SCV  
  19  1:27  Reaper  
  19  1:28  Orbital Command  
  20  1:42  Command Center  
  20  1:49  Supply Depot  
  20  1:54  SCV  
  21  1:59  Marine  
  22  2:06  SCV  
  23  2:11  Factory  
  23  2:18  SCV  
  23  2:21  Barracks Reactor  
  24  2:30  SCV  
  25  2:42  SCV  
  26  2:53  Command Center  
  26  2:54  Orbital Command  
  26  2:59  SCV  
  27  3:05  Starport  
  27  3:09  Refinery  
  27  3:11  SCV  
  28  3:20  SCV  
  28  3:24  Hellion x2  
  33  3:27  SCV  
  33  3:31  Barracks Tech Lab  
  33  3:32  SCV  
  35  3:39  SCV  
  36  3:44  SCV  
  36  3:45  Hellion x2  
  41  3:51  SCV  
  45  3:55  Cloaking Field  
  45  3:56  SCV  
  45  3:59  Banshee  
  46  4:04  SCV  
  46  4:07  Supply Depot  
  46  4:08  SCV  
  46  4:09  Orbital Command  
  48  4:15  Hellion  
  48  4:16  Hellion  
  52  4:19  SCV  
  52  4:20  SCV  
  54  4:25  Barracks Tech Lab  
  54  4:31  SCV  
  55  4:32  SCV  
  55  4:35  Supply Depot  
  55  4:36  SCV  
  55  4:37  Hellion x2  
  61  4:42  Banshee  
  61  4:43  SCV  
  61  4:45  Stimpack  
  65  4:47  SCV  
  65  4:48  SCV  
  67  4:55  SCV  
  67  4:59  SCV  
  69  5:03  SCV  
  70  5:07  SCV  
  70  5:09  Factory Reactor  
  70  5:10  Barracks x2, Refinery  
  70  5:12  Engineering Bay x2  
  70  5:13  SCV  
  72  5:17  Orbital Command  
  72  5:20  SCV  
  74  5:21  Refinery  
  74  5:25  Marine  
  74  5:28  SCV  
  74  5:32  SCV  
  76  5:38  Barracks  
  76  5:39  Barracks  
  76  5:40  SCV  
  76  5:42  Starport Reactor  
  77  6:03  Supply Depot x2  
  77  6:04  SCV, Marine  
  77  6:05  SCV, Marine  
  77  6:12  SCV, Marine x2  
  77  6:14  Marine  
  84  6:19  SCV  
  84  6:25  Supply Depot x2, SCV x2  
  93  6:26  Barracks Reactor x2  
Show
View Real Time Build Order
Export as new Build Order

Namshar Zerg 

Build Orders: Hatch First 

Get SALT Encoding   

  12  0:00  Drone  
  13  0:13  Overlord  
  13  0:18  Drone  
  14  0:32  Drone  
  14  0:33  Drone  
  16  0:50  Hatchery  
  16  0:53  Drone  
  16  0:56  Drone  
  17  1:00  Drone  
  18  1:11  Extractor  
  17  1:15  Spawning Pool  
  16  1:19  Drone  
  16  1:22  Drone  
  18  1:29  Drone  
  19  1:39  Drone  
  20  1:50  Drone  
  21  2:02  Queen x2  
  21  2:03  Zergling x4  
  27  2:12  Drone, Overlord  
  28  2:26  Hatchery  
  28  2:29  Drone  
  28  2:34  Drone  
  29  2:37  Drone  
  29  2:38  Drone  
  29  2:41  Metabolic Boost  
  31  2:48  Drone, Overlord  
  32  2:55  Drone  
  32  2:56  Drone  
  34  3:01  Queen  
  36  3:08  Drone x2  
  36  3:11  Drone x2  
  36  3:12  Drone  
  41  3:17  Overlord  
  41  3:21  Queen  
  41  3:24  Drone  
  44  3:37  Drone  
  44  3:38  Queen, Drone  
  44  3:41  Queen  
  48  3:45  Zergling x2  
  48  3:46  Zergling x4  
  48  3:47  Drone x2  
  55  3:55  Overlord x2  
  55  3:56  Drone  
  55  4:02  Drone x2  
  58  4:07  Overlord  
  58  4:13  Drone x5  
  62  4:18  Queen  
  62  4:19  Drone  
  65  4:27  Overlord  
  65  4:28  Drone x5  
  70  4:32  Zergling x2  
  70  4:33  Zergling x2  
  70  4:38  Drone  
  73  4:41  Spore Crawler  
  73  4:43  Spore Crawler  
  73  4:45  Spore Crawler  
  70  4:47  Evolution Chamber x2  
  70  4:50  Drone x6  
  74  4:57  Extractor  
  74  4:59  Extractor x2  
  70  5:00  Zergling x8  
  70  5:02  Overlord  
  70  5:03  Drone x2  
  70  5:06  Drone  
  70  5:07  Drone, Extractor  
  77  5:16  Drone x3  
  77  5:18  Drone  
  81  5:26  Extractor  
  80  5:29  Drone x7  
  80  5:30  Hatchery  
  86  5:37  Overlord  
  86  5:38  Lair  
  86  5:43  Baneling Nest, Drone  
  86  5:44  Drone x3  
  89  5:52  Queen  
  89  5:54  Queen  
  82  6:05  Zergling x6  
  79  6:14  Drone x6  
  79  6:15  Drone  
  79  6:17  Drone  
  64  6:22  Drone x3  
  65  6:26  Drone x3  
Tags
 
Add a new tag
Caveats
  • Supply blocks, unpowered buildings, or Contaminate may cause inaccurate times.
  • Supply counts are checked every 10 seconds.